 Dungeon Crawl Stone Soup version 0.31-a0-232-gb1c03b2570 (webtiles) character file.

Game seed: 12434247217565305355

61 Ijustatesigmund the Stinger (level 4, 0/28 HPs)
             Began as an Octopode Venom Mage on July 7, 2023.
             Slain by an endoplasm (3 damage)
             ... on level 2 of the Dungeon.
             The game lasted 00:02:02 (1227 turns).

Ijustatesigmund the Stinger (Octopode Venom Mage)   Turns: 1227, Time: 00:02:03

Health: 0/28       AC:  1    Str:  7    XL:     4   Next: 7%
Magic:  3/7        EV: 13    Int: 19    God:
Gold:   67         SH:  0    Dex: 12    Spells: 5/8 levels left

rFire   . . .        h - staff of poison
rCold   . . .        (no shield)
rNeg    . . .        (helmet restricted)
rPois   +            (no amulet)
rElec   .            (no ring)
rCorr   .            (no ring)
SInv    .            (no ring)
Will    .....        (no ring)
Stlth   +++          (no ring)
HPRegen 0.24/turn    (no ring)
MPRegen 0.10/turn    (no ring)
                     (no ring)

%: no passive effects
@: brilliant
A: almost no armour, amphibious, 8 rings, camouflage 1, gelatinous body 1,
(nimble swimmer 1), tentacles
a: no special abilities


You were on level 2 of the Dungeon.
You visited 1 branch of the dungeon, and saw 2 of its levels.

You collected 67 gold pieces.

Inventory:

Hand Weapons
 b - a +0 short sword
Magical Staves
 h - a staff of poison (weapon)
Scrolls
 d - a scroll of teleportation {unknown}
 e - a scroll of revelation {unknown}
 f - a scroll of identify {unknown}
 g - 2 scrolls of amnesia {unknown}
Potions
 a - a potion of magic
 i - a potion of curing {unknown}


   Skills:
 - Level 1.3 Fighting
 + Level 0.7 Staves
 - Level 2.0 Dodging
 - Level 2.6 Stealth
 + Level 2.6 Spellcasting
 - Level 1.0 Transmutations
 + Level 1.2 Air Magic
 + Level 4.3 Poison Magic


You had 5 spell levels left.
You knew the following spells:

 Your Spells              Type           Power      Damage    Failure   Level
a - Sting                 Tmut/Pois      100%       1d8       5%          1
b - Poisonous Vapours     Pois/Air       58%        N/A       8%          2

Your spell library contained the following spells:

 Spells                   Type           Power      Damage    Failure   Level
 Mephitic Cloud           Conj/Pois/Air  21%        N/A       22%         3
 Olgreb's Toxic Radiance  Pois           42%        N/A       26%         4


Dungeon Overview and Level Annotations

Branches:
Dungeon (2/15)

Altars:


Innate Abilities, Weirdness & Mutations

You cannot wear most types of armour.
You are amphibious.
You can wear up to eight rings at the same time.
Your skin changes colour to match your surroundings (Stealth+).
Your rubbery body absorbs attacks. (AC +1, EV +1)
((You are camouflaged when in or above water. (Stealth+)))
You have tentacles for arms and can constrict up to eight enemies at once.


Message History

Aim: an adder (57% to hit)
You feel a surge of power!
The sting hits the adder.
The adder is poisoned.
The adder is moderately wounded.
You feel sick. The adder barely misses you.
You closely miss the adder. You grab the adder. Your squeeze misses the adder.
The adder is moderately wounded.
You constrict the adder, but do no damage.
You feel sick. The adder misses you.
The endoplasm jiggles.
The adder closely misses you.
You hit the adder.
The adder is heavily wounded.
You constrict the adder.
You feel sick. The endoplasm hits you. The adder bites you.
The endoplasm freezes you.
You are frozen.
You hit the adder.
The adder is almost dead.
You constrict the adder.
You kill the adder!
You feel sick. The endoplasm closely misses you.
You have reached level 4!
Casting: Sting (safe; 5% risk of failure)
Confirm with . or Enter, or press ? or * to list all spells.
Aiming: Sting (safe; 5% risk of failure)
Press: ? - help, Shift-Dir - straight line, f - endoplasm
Aim: an endoplasm (98% to hit)
You feel a surge of power!
The sting hits the endoplasm.
The endoplasm partially resists.
The endoplasm is poisoned.
The endoplasm is moderately wounded.
You feel sick. The endoplasm freezes you.
You are frozen.
* * * LOW HITPOINT WARNING * * *
It was a potion of brilliance.
You feel clever all of a sudden.
You feel sick.
You are no longer poisoned.
The endoplasm hits you.
You die...

### #.....## .
#.....## ########..
###....###.........
.####......^......#
...####...........#
.......##........#
#.#....###.########
#....#†###...####
.......@..........
###.##J...........
# #....##.....#
#...#...$##)#
#...#.##..# #
....#.#. ^.# #...#
# # .# #.#.


You could see an endoplasm (poisoned).

Vanquished Creatures
  3 adders (D:2)
  3 endoplasms
  A giant cockroach (D:1)
  5 goblins (D:1)
  4 hobgoblins
  4 ball pythons (D:1)
  4 bats
  3 frilled lizards (D:1)
  2 kobolds (D:1)
  5 rats (D:1)
34 creatures vanquished.

Notes
Turn   | Place    | Note
-------+----------+-------------------------------------------
     0 | D:1      | Ijustatesigmund the Octopode Venom Mage began the quest for
                  | the Orb.
     0 | D:1      | Reached XP level 1. HP: 11/11 MP: 3/3
   171 | D:1      | Reached XP level 2. HP: 11/18 MP: 5/5
   186 | D:1      | Reached skill level 1 in Fighting
   255 | D:1      | Learned a level 2 spell: Poisonous Vapours
   361 | D:1      | Reached skill level 4 in Poison Magic
   911 | D:1      | Reached XP level 3. HP: 23/23 MP: 3/6
  1121 | D:2      | Reached skill level 1 in Air Magic
  1226 | D:2      | Reached XP level 4. HP: 10/28 MP: 4/7
  1227 | D:2      | Slain by an endoplasm

Illustrated notes

Levels and vault maps discovered:
D:1:      minmay_arrival_diagonal_passages, layout_basic, minmay_tetromino_t4
D:2:      layout_basic, basic_altar, shapermc_ecumenical_altar_rom_forum,
          minmay_misc_feat_x, kennysheep_generic_room_3, uniq_crazy_yiuf_cottage

Skill      XL: |  1  2  3 |
---------------+----------+-----
Fighting       | 1 |  1.3
Poison Magic   | 4 |  4.3
Air Magic      | 1 |  1.2
Staves         | |  0.7
Dodging        | |  2.0
Stealth        | |  2.6
Spellcasting   | |  2.6
Transmutations | |  1.0

Action                     |  1- 3 |  4- 6 || total
---------------------------+-------+-------++-------
  Melee: Unarmed           |    11 |       ||    11
         Short sword       |    32 |       ||    32
         Constrict         |    16 |       ||    16
         Tentacles         |     9 |       ||     9
         Staff             |    12 |       ||    12
   Cast: Sting             |     6 |     1 ||     7
         Poisonous Vapours |    14 |       ||    14
    Use: Potion            |       |     1 ||     1
   Stab: Sleeping          |     2 |       ||     2
 Armour: Skin              |     5 |       ||     5
  Dodge: Dodged            |    39 |       ||    39

Table legend: (Time is in decaauts)
 A = Elapsed time spent in this place.
 B = Non-inter-level travel time spent in this place.
 C = Inter-level travel time spent in this place.
 D = Time resting spent in this place.
 E = Time spent auto-exploring this place.
 F = Levels seen in this place.
 G = Mean time per level.
                   A        B        C        D        E       F      G
               +--------+--------+--------+--------+--------+-----+--------+
         Total |   1228 |   1212 |     16 |     89 |    923 |   2 |  614.0 |
       Dungeon |   1228 |   1212 |     16 |     89 |    923 |   2 |  614.0 |
               +--------+--------+--------+--------+--------+-----+--------+

Top non-repeatable levels by time:
     D:1: 1104 daAuts
     D:2: 124 daAuts
